 Dungeon Crawl Stone Soup version 0.18.1-8-gdd0e5ea (webtiles) character file.

849 deorigin the Transmogrifier (level 7, -1/52 HPs)
             Began as a White Draconian Transmuter on June 5, 2016.
             Killed from afar by an orc wizard (9 damage)
             ... with a magic dart
             ... on level 5 of the Dungeon.
             The game lasted 00:11:30 (5579 turns).

deorigin the Transmogrifier (DrTm)                  Turns: 5579, Time: 00:11:30

Health: -1/52      AC:  2    Str: 13    XL:     7   Next: 69%
Magic:  7/10       EV: 22    Int: 15    God:
Gold:   270        SH:  0    Dex: 16    Spells: 3 memorised, 4 levels left

rFire  . . .     SeeInvis .       - Unarmed
rCold  . . .     Gourm    .     (armour unavailable)
rNeg   . . .     Faith    .     (shield currently unavailable)
rPois  x         Spirit   .     (helmet currently unavailable)
rElec  .         Dismiss  .     (cloak currently unavailable)
rCorr  .         Reflect  .     (gloves currently unavailable)
SustAt .         Harm     .     (boots currently unavailable)
MR     .....                    (no amulet)
Stlth  +.........               n - +3 ring of evasion
                                o - ring of flight

@: spider-form, not resistant to hostile enchantments, very unstealthy
A: (breathe frost), unfitting armour, (cold resistance 0), (cold-blooded), AC +6
a: End Transformation, Evoke Flight


You were on level 5 of the Dungeon.
You were hungry.
You were a venomous arachnid creature.
You visited 1 branch of the dungeon, and saw 5 of its levels.

You collected 270 gold pieces.

Inventory:

Hand Weapons
 z - a +0 blowgun
 C - a +0 dire flail
 E - a +1 short sword of electrocution (melded)
Missiles
 a - 95 arrows
 A - 16 poisoned needles
 B - 2 tomahawks (quivered)
Jewellery
 l - an uncursed ring of fire
 n - a +3 ring of evasion (right front leg)
 o - a ring of flight (left front leg)
Scrolls
 e - a scroll of enchant weapon {unknown}
 g - a scroll of remove curse
 i - a scroll of magic mapping {unknown}
 k - 2 scrolls of immolation {unknown}
 m - a scroll of recharging {unknown}
 p - a scroll of amnesia {unknown}
 w - a scroll of teleportation {unknown}
 y - a scroll of fear {unknown}
 F - a scroll of noise {unknown}
Potions
 h - 4 potions of lignification
 j - a potion of brilliance
 q - a potion of might
 r - a potion of mutation {unknown}
 s - a potion of cure mutation
 v - a potion of heal wounds
Books
 b - a book of Changes

   Spells                             Type                      Level
   a - Beastly Appendage              Transmutation                1
   b - Sticks to Snakes               Transmutation                2
   c - Spider Form                    Transmutation/Poison         3
   d - Ice Form                       Ice/Transmutation            4
   e - Blade Hands                    Transmutation                5
 f - a book of Unlife

   Spells                             Type                      Level
   a - Recall                         Summoning/Translocation      3
   b - Animate Dead                   Necromancy                   4
   c - Control Undead                 Necromancy                   4
   d - Cigotuvi's Embrace             Necromancy                   5
   e - Death Channel                  Necromancy                   6
   f - Simulacrum                     Ice/Necromancy               6
 D - a book of Party Tricks

   Spells                             Type                      Level
   a - Summon Butterflies             Summoning                    1
   b - Apportation                    Translocation                1
   c - Tukima's Dance                 Hexes                        3
   d - Alistair's Intoxication        Transmutation/Poison         5
   e - Invisibility                   Hexes                        6
Comestibles
 c - 3 bread rations
 d - 2 fruits
 t - a royal jelly
 u - a meat ration


   Skills:
 - Level 1.1 Fighting
 * Level 1.5 Short Blades
 - Level 1.7 Dodging
 - Level 3.0 Unarmed Combat
 - Level 2.0 Spellcasting
 + Level 8.4 Transmutations
 - Level 2.0 Poison Magic


You had 4 spell levels left.
You knew the following spells:

 Your Spells              Type           Power        Failure   Level  Hunger
a - Beastly Appendage     Trmt           ####..       4%          1    #......
b - Sticks to Snakes      Trmt           ####....     6%          2    ###....
c - Spider Form           Trmt/Pois      ###.......   24%         3    ###....


Dungeon Overview and Level Annotations

Branches:
Dungeon (5/15)
 Temple: D:4-7

Altars:


Innate Abilities, Weirdness & Mutations

((You can breathe waves of freezing cold.))
((You can buffet flying creatures when you breathe cold.))
((Your icy white scales are hard (AC +6).))
Your body does not fit into most forms of armour.
((Your flesh is cold resistant.))
((You are cold-blooded and may be slowed by cold attacks.))


Message History

The orc wizard seems to speed up.
The orc completely misses you. The orc hits you with a hand axe.
* * * LOW HITPOINT WARNING * * *
You barely miss the orc wizard.
The orc wizard is heavily wounded.
The orc wizard mumbles some strange words.
The orc wizard blinks!
The orc misses you. The orc hits you but does no damage.
You hit the orc.
The orc is severely wounded.
The orc misses you.
You bite the orc!
You kill the orc!
The orc barely misses you.
The orc wizard hits you but does no damage.
There is a stone staircase leading up here.
You hit the orc wizard.
The orc wizard is poisoned.
The orc wizard is severely wounded.
The orc wizard points at you and mumbles some strange words.
The magic dart hits you!
You die...

#..$ ..>##..
##..?...........
...............##..
...............?..
##.... .........#
.#.....##........#
................(#
.......o)......#
.......)so...#.#
.......####$...####
....... ##.......##
.......###..<......#
...................#
............##.....#
.............#...#.....
.....###......#..# #...
#........##..######


You could see an orc wizard and an orc.

Vanquished Creatures
  An ogre (D:4)
  2 phantoms
  Blork the orc (D:4)
  A scorpion (D:4)
  3 hounds (D:4)
  2 orc priests
  An orc wizard (D:4)
  Natasha (twice) (D:4 D:3)
  A worker ant (D:4)
  Robin (D:4)
  7 adders
  A gnoll (D:4)
  2 oozes (D:3)
  An adder skeleton (D:4)
  2 worms (D:2)
  3 dart slugs
  2 giant geckos
  6 orcs
  9 bats
  7 giant cockroaches
  11 goblins
  15 hobgoblins
  5 giant newts
  11 kobolds
  7 rats
104 creatures vanquished.

Vanquished Creatures (collateral kills)
  An adder (D:2)
1 creature vanquished.

Vanquished Creatures (others)
  An orc wizard (D:5)
1 creature vanquished.

Grand Total: 106 creatures vanquished

Notes
Turn   | Place    | Note
--------------------------------------------------------------
     0 | D:1      | deorigin the Draconian Transmuter began the quest for the Orb.
     0 | D:1      | Reached XP level 1. HP: 16/16 MP: 3/3
   256 | D:1      | Reached XP level 2. HP: 14/23 MP: 5/5
   388 | D:1      | Learned a level 2 spell: Sticks to Snakes
   708 | D:2      | Reached skill level 3 in Transmutations
  1056 | D:2      | Reached XP level 3. HP: 7/28 MP: 2/6
  1313 | D:2      | Learned a level 3 spell: Spider Form
  1566 | D:2      | Reached skill level 1 in Poison Magic
  1827 | D:2      | Reached XP level 4. HP: 35/35 MP: 4/7
  2356 | D:3      | Reached skill level 4 in Transmutations
  2885 | D:3      | Reached XP level 5. HP: 37/40 MP: 1/8
  3197 | D:3      | Reached skill level 5 in Transmutations
  3694 | D:4      | Noticed Blork the orc
  3714 | D:4      | Killed Blork the orc
  3777 | D:4      | Noticed an ogre
  3791 | D:4      | Killed an ogre
  3791 | D:4      | Reached skill level 6 in Transmutations
  3791 | D:4      | Reached XP level 6. HP: 47/47 MP: 3/9
  3860 | D:4      | Noticed Natasha
  3870 | D:4      | Killed Natasha
  3887 | D:4      | Noticed Robin
  3914 | D:4      | Killed Robin
  3965 | D:4      | Noticed Natasha
  3989 | D:3      | Killed Natasha
  4436 | D:4      | Reached skill level 7 in Transmutations
  4570 | D:4      | Your scales start taking on an icy white colour.
  4570 | D:4      | Reached XP level 7. HP: 38/52 MP: 8/10
  4570 | D:4      | Gained mutation: Your flesh is cold resistant. [White Draconian growth]
  5036 | D:4      | Reached skill level 8 in Transmutations
  5525 | D:5      | Entered Level 5 of the Dungeon
  5538 | D:5      | Reached skill level 1 in Short Blades
  5579 | D:5      | Killed from afar by an orc wizard

Skill      XL: |  1  2  3  4  5  6  7 |
---------------+----------------------+-----
Transmutations | 3 4 6 7 8 |  8.4
Poison Magic   | 2 |  2.0
Short Blades   | 1 |  1.5
Fighting       | |  1.1
Dodging        | |  1.7
Unarmed Combat | |  3.0
Spellcasting   | |  2.0

Action                   |  1- 3 |  4- 6 |  7- 9 || total
-------------------------+-------+-------+-------++-------
Melee: Unarmed           |   133 |   192 |    21 ||   346
       Tailslap          |    14 |    11 |     5 ||    30
       Headbutt          |     1 |       |     1 ||     2
       Kick              |     1 |     4 |     3 ||     8
       Punch             |       |     1 |     1 ||     2
       Dire flail        |       |    20 |     6 ||    26
       Short sword       |       |       |    38 ||    38
 Cast: Beastly Appendage |     2 |     2 |     2 ||     6
       Sticks to Snakes  |     1 |     1 |       ||     2
       Spider Form       |     2 |    14 |     3 ||    19
 Abil: Breathe Frost     |       |       |     2 ||     2
  Use: Potion            |     4 |     1 |       ||     5
       Scroll            |       |     6 |       ||     6
 Stab: Sleeping          |     2 |       |       ||     2
  Eat: Chunk             |     4 |     9 |     4 ||    17
       Pizza             |       |     1 |       ||     1
Armor: Skin              |    29 |    43 |    12 ||    84
Dodge: Dodged            |    77 |   175 |    68 ||   320
